 Dungeon Crawl Stone Soup version 0.29.0-5-ge4962eb29e (webtiles) character file.

Game seed: 9623335483706697284

78 themarg the Blocker (level 4, -2/35 HPs)
             Began as a Gnoll Wanderer on Aug 28, 2022.
             Slain by a hobgoblin (4 damage)
             ... on level 3 of the Dungeon.
             The game lasted 00:06:39 (2117 turns).

themarg the Blocker (Gnoll Wanderer)                Turns: 2117, Time: 00:06:40

Health: -2/35      AC: 10    Str: 12    XL:     4   Next: 36%
Magic:  8/8        EV: 10    Int: 14    God:
Gold:   116        SH:  0    Dex: 10    Spells: 9/9 levels left

rFire   . . .      SeeInvis .   f - +0 dagger
rCold   . . .      Faith    .   (no shield)
rNeg    . . .      Spirit   .   b - +1 ring mail
rPois   .          Reflect  .   (no helmet)
rElec   .          Harm     .   (no cloak)
rCorr   .          Rampage  .   (no gloves)
Will    .....                   (no boots)
Stlth   ++........              (no amulet)
HPRegen 0.11/turn               n - +4 ring of protection
MPRegen 0.11/turn               (no ring)

@: no status effects
A: fangs 1, strong nose, distributed training, claws 1, robust 1, screaming 1
a: no special abilities


You were on level 3 of the Dungeon.
You visited 1 branch of the dungeon, and saw 3 of its levels.

You collected 116 gold pieces.

Inventory:

Hand Weapons
 f - a +0 dagger (weapon)
 l - a +2 antimagic falchion
Armour
 b - a +1 ring mail (worn)
 d - a +2 buckler
Jewellery
 n - a +4 ring of protection (left claw)
Scrolls
 c - 2 scrolls of fog
 h - 2 scrolls of identify
 i - a scroll of amnesia
 q - a scroll of torment {unknown}
Potions
 e - a potion of resistance {unknown}
 g - a potion of heal wounds {unknown}
 j - a potion of berserk rage
 k - a potion of mutation
 m - a potion of magic {unknown}
 o - a potion of degeneration {unknown}


   Skills:
 + Level 1.2 Fighting
 + Level 1.2 Short Blades
 + Level 1.2 Long Blades
 + Level 1.2 Axes
 + Level 1.2 Maces & Flails
 + Level 1.2 Polearms
 + Level 1.2 Staves
 + Level 1.2 Ranged Weapons
 + Level 1.2 Throwing
 + Level 2.8 Armour
 + Level 1.2 Dodging
 + Level 4.3 Stealth
 + Level 10.5 Shields
 + Level 1.2 Unarmed Combat
 + Level 3.0 Spellcasting
 + Level 1.0 Conjurations
 + Level 2.2 Hexes
 + Level 1.0 Summonings
 + Level 1.0 Necromancy
 + Level 1.0 Translocations
 + Level 1.0 Transmutations
 + Level 1.0 Fire Magic
 + Level 1.0 Ice Magic
 + Level 1.0 Air Magic
 + Level 1.0 Earth Magic
 + Level 1.0 Poison Magic
 + Level 1.3 Invocations
 + Level 1.2 Evocations


You had 9 spell levels left.
You didn't know any spells.
Your spell library contained the following spells:

 Spells                   Type           Power      Damage    Failure   Level
 Slow                     Hex            32%        N/A       19%         1
 Tukima's Dance           Hex            8%         N/A       50%         3
 Chain Lightning          Conj/Air       2%         3d2       100%        9
 Fire Storm               Conj/Fire      2%         8d1       100%        9
 Shatter                  Erth           2%         3d6*      100%        9


Dungeon Overview and Level Annotations

Branches:
Dungeon (3/15)

Altars:
Ashenzari
Dithmenos
Ru

Shops:
D:3 (:


Innate Abilities, Weirdness & Mutations

You have very sharp teeth.
Your uncanny sense of smell can sniff out nearby items.
Your experience applies equally to all skills.
You have sharp fingernails.
You are robust. (+10% HP)
You occasionally shout uncontrollably at your foes.


Message History

The orc throws a boomerang.
The boomerang barely misses you.
A goblin comes into view. It is wielding a +0 club.
The orc throws a boomerang.
The boomerang hits you.
* * * LOW HITPOINT WARNING * * *
The goblin shouts!
Found Niyfarch's Antique Weapon Shoppe.
A bat comes into view.
The bat moves out of view.
Found Kume's Book Shoppe.
Found 9 gold pieces.
You feel a little less mighty now.
A kobold comes into view. It is wielding a +0 dagger.
The kobold shouts!
The hobgoblin attacks as you move away!
The hobgoblin hits you but does no damage.
The orc shouts!
The hobgoblin attacks as you move away! The hobgoblin hits you.
* * * LOW HITPOINT WARNING * * *
As you read the scroll labelled DANIUL MIWNAHU, it crumbles to dust.
It is a scroll of amnesia.
Forget Slow, freeing 1 spell level for a total of 9?
Your memory of Slow unravels.
As you read the scroll labelled DITEJOU DEGA, it crumbles to dust.
It is a scroll of enchant armour.
Your +0 ring mail glows green for a moment.
The hobgoblin misses you. The kobold hits you but does no damage.
The goblin hits you but does no damage.
You closely miss the kobold.
The hobgoblin hits you but does no damage.
The kobold closely misses you. The goblin hits you but does no damage.
You hit the kobold.
The kobold is heavily wounded.
You hit the kobold but do no damage.
The kobold is heavily wounded.
The hobgoblin hits you but does no damage.
The kobold misses you. The goblin closely misses you.
You hit the kobold.
You kill the kobold!
The hobgoblin hits you.
You die...

#.......# #.##### #..# #.#####.#
#######.....####..###
#.#####.####.......###.........#
##..........(.#####.# ###...#...#
......##.##########.#####..#.#..#
##.##.##.# #.......##.#..b#.#
.........# #.##.....##..∩..##
#..##.#### #ggK.......#...#.#
..###.# # #@#.....##..#.#..#
.####.... #)#g##..##...#...#
......... ..###.#.##..#####...##
.#####... .K..........# ..... .#
.... ...#####.#....... .... .#
..... #$#.##.... ...♣ (# ∆ #.#.#
#### .## .# #.#.# .# .# #.#.#


You could see a hobgoblin, a goblin and a kobold.

Vanquished Creatures
  An orc wizard (D:3)
  An adder (D:3)
  A dart slug (D:2)
  An orc (D:3)
  6 endoplasms
  2 giant cockroaches
  3 goblins
  7 hobgoblins
  7 ball pythons
  A bat (D:2)
  A frilled lizard (D:1)
  5 kobolds
  4 rats
40 creatures vanquished.

Vanquished Creatures (others)
  2 fungi (D:3)
  5 toadstools (D:3)
7 creatures vanquished.

Grand Total: 47 creatures vanquished

Notes
Turn   | Place    | Note
-------+----------+-------------------------------------------
     0 | D:1      | Reached skill level 10 in Shields
     0 | D:1      | themarg the Gnoll Wanderer began the quest for the Orb.
     0 | D:1      | themarg set off with the following items: a +0 club, a +0
                  | ring mail, a scroll of fog, a +2 buckler; and the following
                  | spell memorised: Slow; and the following spells available
                  | to memorise: Tukima's Dance.
     0 | D:1      | Reached XP level 1. HP: 13/13 MP: 4/4
   272 | D:1      | Reached XP level 2. HP: 17/19 MP: 5/5
  1216 | D:2      | Reached XP level 3. HP: 25/25 MP: 7/7
  1531 | D:2      | Reached skill level 1 in Invocations
  1836 | D:3      | Found a shadowy altar of Dithmenos.
  1836 | D:3      | Found a sacrificial altar of Ru.
  1844 | D:3      | Found a broken altar of Ashenzari.
  1890 | D:3      | Reached skill level 1 in Fighting
  1890 | D:3      | Reached skill level 1 in Short Blades
  1890 | D:3      | Reached skill level 1 in Long Blades
  1890 | D:3      | Reached skill level 1 in Axes
  1890 | D:3      | Reached skill level 1 in Maces & Flails
  1890 | D:3      | Reached skill level 1 in Polearms
  1890 | D:3      | Reached skill level 1 in Staves
  1890 | D:3      | Reached skill level 1 in Ranged Weapons
  1890 | D:3      | Reached skill level 1 in Throwing
  1890 | D:3      | Reached skill level 1 in Dodging
  1890 | D:3      | Reached skill level 1 in Unarmed Combat
  1890 | D:3      | Reached skill level 1 in Evocations
  2025 | D:3      | Gained mutation: You occasionally shout uncontrollably at
                  | your foes. [potion of mutation]
  2025 | D:3      | Gained mutation: You have sharp fingernails. [potion of
                  | mutation]
  2025 | D:3      | Gained mutation: You are robust. (+10% HP) [potion of
                  | mutation]
  2063 | D:3      | Reached XP level 4. HP: 5/35 MP: 8/8
  2064 | D:3      | Reached skill level 1 in Conjurations
  2064 | D:3      | Reached skill level 1 in Summonings
  2064 | D:3      | Reached skill level 1 in Necromancy
  2064 | D:3      | Reached skill level 1 in Translocations
  2064 | D:3      | Reached skill level 1 in Transmutations
  2064 | D:3      | Reached skill level 1 in Fire Magic
  2064 | D:3      | Reached skill level 1 in Ice Magic
  2064 | D:3      | Reached skill level 1 in Air Magic
  2064 | D:3      | Reached skill level 1 in Earth Magic
  2064 | D:3      | Reached skill level 1 in Poison Magic
  2086 | D:3      | HP: 1/35 [orc/boomerang (4)]
  2092 | D:3      | Found Niyfarch's Antique Weapon Shoppe.
  2095 | D:3      | Found Kume's Book Shoppe.
  2110 | D:3      | HP: 1/35 [hobgoblin (3)]
  2117 | D:3      | Slain by a hobgoblin

Illustrated notes

Levels and vault maps discovered:
D:1:      lightli_arrival_statuegarden, layout_loops_ring
D:2:      layout_basic
D:3:      layout_loops_cross, grunt_temple_overflow_open, serial_shops,
          nicolae_diamond_shop, nicolae_lakefront_shop, nicolae_shop_trees,
          minmay_gold_behind_fungi

Skill      XL: |  1  2  3  4 |
---------------+-------------+-----
Shields        | | 10.5
Hexes          | 2 |  2.2
Invocations    | 1 |  1.3
Fighting       | 1 |  1.2
Short Blades   | 1 |  1.2
Long Blades    | 1 |  1.2
Axes           | 1 |  1.2
Maces & Flails | 1 |  1.2
Polearms       | 1 |  1.2
Staves         | 1 |  1.2
Ranged Weapons | 1 |  1.2
Throwing       | 1 |  1.2
Dodging        | 1 |  1.2
Unarmed Combat | 1 |  1.2
Evocations     | 1 |  1.2
Spellcasting   | 3 |  3.0
Conjurations   | 1 |  1.0
Summonings     | 1 |  1.0
Necromancy     | 1 |  1.0
Translocations | 1 |  1.0
Transmutations | 1 |  1.0
Fire Magic     | 1 |  1.0
Ice Magic      | 1 |  1.0
Air Magic      | 1 |  1.0
Earth Magic    | 1 |  1.0
Poison Magic   | 1 |  1.0
Armour         | |  2.8
Stealth        | |  4.3

Action                   |  1- 3 |  4- 6 || total
-------------------------+-------+-------++-------
Melee: Club              |    25 |       ||    25
       Bite              |    22 |       ||    22
       Dagger            |   173 |     5 ||   178
  Use: Scroll            |     2 |     2 ||     4
       Potion            |     2 |       ||     2
 Stab: Sleeping          |     6 |       ||     6
       Distracted        |     1 |       ||     1
Armor: Ring mail         |    72 |     8 ||    80
Dodge: Dodged            |    69 |     7 ||    76
Block: Buckler           |    68 |       ||    68
